AoeStats
← superhillbilly

Arabia

510326591Analyzed
1v1 RM · 1d ago on Sep 30, 2026· 32m 15s· 2 players
Game mode
Random Map
Map size
Tiny (2 player)
Population
200
Speed
Normal
Resources
Standard
Victory
Conquest
Starting age
Dark Age
Ending age
Imperial Age
RankedLock teamsTeams togetherTeam positionsShared explorationLock speedFull tech treeHidden civsTurbo modeCheats
Victory
Defeat
🇺🇾 Varangians · Uruguay
864
+17
🇺🇸 Malians · United States
886
-17
agusvidal01
8:02 Loom
10:17 Feudal Age
10:49 Double-Bit Axe
16:21 Town Watch
17:50 Horse Collar
23:36 Castle Age
22:30 Bloodlines
22:28 Scale Barding Armor
23:14 Fletching
24:57 Bow Saw
24:55 Husbandry
24:55 Bodkin Arrow
26:00 Forging
26:48 Wheelbarrow
29:27 Chain Barding Armor
31:34 Iron Casting
32:51 Padded Archer Armor
superhillbilly
12:52 Feudal Age
12:27 Loom
22:28 Castle Age
Connection lost

Rejoining the realm…

Still unreachable

The connection could not be restored.

Session expired

The server has moved on; the page needs a fresh start.